 Dungeon Crawl Stone Soup version 0.28.0-62-gf88900778d (webtiles) character file.

Game seed: 9051177348365765213

18 infinitevox the Shield-Bearer (level 2, -1/19 HPs)
             Began as a Demonspawn Wanderer on Apr 14, 2023.
             Was a Follower of Uskayaw.
             Succumbed to an adder's poison
             ... on level 2 of the Dungeon.
             The game lasted 00:03:54 (1397 turns).

infinitevox the Shield-Bearer (Demonspawn Wanderer) Turns: 1397, Time: 00:03:55

Health: -1/19      AC:  3    Str: 15    XL:     2   Next: 48%
Magic:  3/3        EV: 10    Int: 12    God:    Uskayaw [*.....]
Gold:   18         SH:  4    Dex: 10    Spells: 2/3 levels left

rFire   . . .      SeeInvis .   a - +0 mace
rCold   . . .      Faith    .   b - +0 buckler
rNeg    + . .      Spirit   .   c - +0 leather armour
rPois   .          Reflect  .   (no helmet)
rElec   .          Harm     .   (no cloak)
rCorr   .          Rampage  .   (no gloves)
Will    .....                   (no boots)
Stlth   ..........              (no amulet)
HPRegen 0.06/turn               d - ring of positive energy
MPRegen 0.08/turn               (no ring)

@: lethally poisoned (-1 -> -5), silenced
A: demonic touch 1
a: Renounce Religion


You were on level 2 of the Dungeon.
You worshipped Uskayaw.
Uskayaw was noncommittal.
You visited 1 branch of the dungeon, and saw 2 of its levels.

You collected 18 gold pieces.

Inventory:

Hand Weapons
 a - a +0 mace (weapon)
Armour
 b - a +0 buckler (worn)
 c - a +0 leather armour (worn)
Jewellery
 d - a ring of positive energy (left hand)
Scrolls
 e - a scroll of immolation


   Skills:
 + Level 2.0 Maces & Flails
 + Level 3.1 Shields
 + Level 1.0 Spellcasting
 - Level 3.0 Ice Magic
 - Level 1.0 Evocations


You had 2 spell levels left.
You knew the following spells:

 Your Spells              Type           Power      Damage    Failure   Level
a - Freeze                Ice            28%        1d5       14%         1

Your spell library contained the following spells:

 Spells                   Type           Power      Damage    Failure   Level
 Ensorcelled Hibernation  Hex/Ice        8%         N/A       38%         2
 Ozocubu's Armour         Ice            7%         N/A       41%         3


Dungeon Overview and Level Annotations

Branches:
Dungeon (2/15)

Altars:
Uskayaw


Innate Abilities, Weirdness & Mutations

Your touch may inflict minor irresistible damage on your foes.


Message History

The worm is heavily wounded.
The worm closely misses you.
You hit the worm but do no damage.
The worm is heavily wounded.
You sock the worm!
The worm is almost dead.
The worm bites you!
You sock the worm!
You kill the worm!
You start resting.
A kobold is nearby!
The kobold throws a stone.
You block the stone.
The kobold throws a stone.
You block the stone.
The kobold throws a stone.
The stone hits you but does no damage.
You hit the kobold but do no damage. You block the kobold's attack.
The kobold hits you but does no damage.
You closely miss the kobold. You block the kobold's attack.
You closely miss the kobold. The kobold hits you but does no damage.
You closely miss the kobold.
The adder hisses angrily.
The kobold misses you. The kobold closely misses you.
You hit the kobold.
The kobold is heavily wounded.
The kobold hits you with a +0 short sword.
As you read the scroll labelled IMILIM ZUICACA, it crumbles to dust.
A profound silence engulfs you.
It was a scroll of silence.
The adder closely misses you. The adder barely misses you.
You hit the adder.
The adder is heavily wounded.
The adder bites you.
* * * LOW HITPOINT WARNING * * *
You are lethally poisoned!
The adder poisons you!
You hit the adder.
The adder is heavily wounded.
* * * LOW HITPOINT WARNING * * *
You feel sick. The adder closely misses you. The adder misses you.
You hit the adder but do no damage.
The adder is heavily wounded.
You die...

......................w.
.#............#.....#.
#...<............###.
#..............### ##
#...............# #
#..........#....#####
####.............##..
#######.........#....#
#....@SK........##....
########.........#.###
##..............
#..÷.÷.....####.
#...............
#..........(....
#.........##....
#.....########## #.....#


You could see an adder and a kobold.

Vanquished Creatures
  A worm (D:2)
  2 bats (D:2)
  An endoplasm (D:1)
  A giant cockroach (D:1)
  A hobgoblin (D:1)
  A quokka (D:2)
  2 ball pythons (D:1)
  2 goblins (D:1)
  3 kobolds (D:1)
14 creatures vanquished.

Notes
Turn   | Place    | Note
-------+----------+-------------------------------------------
     0 | D:1      | infinitevox the Demonspawn Wanderer began the quest for the
                  | Orb.
     0 | D:1      | infinitevox set off with the following items: a +0 mace, a
                  | +0 buckler, a +0 leather armour; and the following spell
                  | memorised: Freeze; and the following spells available to
                  | memorise: Ensorcelled Hibernation, Ozocubu's Armour
     0 | D:1      | Reached XP level 1. HP: 13/13 MP: 2/2
   655 | D:1      | Found a faded altar of an unknown god.
   660 | D:1      | Prayed at the altar of an unknown god.
   660 | D:1      | Became a worshipper of Uskayaw the Reveller
   660 | D:1      | Reached * piety under Uskayaw
   683 | D:1      | Discovered your monstrous ancestry.
   683 | D:1      | Gained mutation: Your touch may inflict minor irresistible
                  | damage on your foes. [demonic ancestry]
   683 | D:1      | Reached XP level 2. HP: 19/19 MP: 3/3
  1397 | D:2      | Succumbed to an adder's poison

Illustrated notes

Levels and vault maps discovered:
D:1:      dpeg_arrival_rhombus, layout_loops_cross,
          ebering_ecumenical_altar_sacrificial
D:2:      layout_rooms

Skill      XL: |  1  2 |
---------------+-------+-----
Shields        | 3 |  3.1
Ice Magic      | 3 |  3.0
Maces & Flails | 2 |  2.0
Spellcasting   | |  1.0
Evocations     | |  1.0

Action                   || total
-------------------------++-------
Melee: Mace              ||    59
  Use: Scroll            ||     5
Armor: Leather armour    ||    21
Dodge: Dodged            ||    30
Block: Buckler           ||    13
